 Dungeon Crawl Stone Soup version 0.32-a0-931-g5a2cda0630 (webtiles) character file.

Game seed: 13717434843327909589

88 Meejax the Ducker (level 4, 0/34 HPs)
             Began as a Demonspawn Gladiator on Apr 14, 2024.
             Slain by a goblin
             ... wielding a +1 dagger of holy wrath
              (2 damage)
             ... on level 3 of the Dungeon.
             The game lasted 00:02:16 (1742 turns).

Meejax the Ducker (Demonspawn Gladiator)            Turns: 1742, Time: 00:02:17

Health: 0/34       AC:  5    Str: 16    XL:     4   Next: 30%
Magic:  4/4        EV: 12    Int:  9    God:
Gold:   114        SH:  0    Dex: 14    Spells: 3/3 levels left

rFire   . . .        a - +0 flail
rCold   . . .        (no shield)
rNeg    . . .        b - +0 leather armour
rPois   .            c - +0 helmet
rElec   .            (no cloak)
rCorr   .            m - +0 pair of gloves
SInv    .            (no boots)
Will    .....        (no amulet)
Stlth   +            (no ring)
HPRegen 0.25/turn    (no ring)
MPRegen 0.09/turn

%: no passive effects
@: studying Dodging
A: powered by pain 2
a: no special abilities


You were on level 3 of the Dungeon.
You visited 1 branch of the dungeon, and saw 3 of its levels.

You collected 114 gold pieces.

Inventory:

Hand Weapons
 a - a +0 flail (weapon)
Missiles
 d - 3 throwing nets (quivered)
 e - a javelin
Armour
 b - a +0 leather armour (worn)
 c - a +0 helmet (worn)
 m - a +0 pair of gloves (worn)
Wands
 l - a wand of digging (4)
Scrolls
 f - 2 scrolls of teleportation
 g - a scroll of revelation {unknown}
 h - a scroll of blinking {unknown}
 i - 4 scrolls of identify {unknown}
 j - a scroll of fog {unknown}
 k - a scroll of amnesia {unknown}
 n - a scroll of poison {unknown}


   Skills:
 + Level 2.4 Fighting
 + Level 3.5 Maces & Flails
 + Level 1.7 Throwing
 + Level 1.1 Armour
 + Level 3.6 Dodging
 + Level 0.4 Stealth


You had 3 spell levels left.
You didn't know any spells.
Your spell library contained the following spells:

 Spells                   Type           Power      Damage    Failure   Level
 Cause Fear               Hex            0%         N/A       99%         4
 Fireball                 Conj/Fire      0%         3d3       100%        5
 Iskenderun's Battlesphe  Conj           0%         2d6       100%        5
 Bombard                  Conj/Erth      0%         9d1       100%        6
 Spellforged Servitor     Conj/Summ      0%         N/A       100%        7
 Dragon's Call            Summ           0%         N/A       100%        9


Dungeon Overview and Level Annotations

Branches:
Dungeon (3/15)

Altars:


Innate Abilities, Weirdness & Mutations

You sometimes gain power by taking damage.


Message History

You hit the goblin but do no damage. The goblin barely misses you. x2
The hobgoblin hits you but does no damage.
The goblin hits you but does no damage. The goblin closely misses you.
You hit the goblin.
The goblin is heavily wounded.
The goblin hits you but does no damage. x2; The hobgoblin barely misses you.
The goblin hits you but does no damage.
The goblin hits you with a +1 dagger of holy wrath.
You convulse.
You barely miss the goblin.
The goblin is heavily wounded.
The goblin closely misses you. x2; The hobgoblin hits you.
* * * LOW HITPOINT WARNING * * *
The goblin hits you but does no damage. The goblin closely misses you.
You completely miss the goblin.
The goblin is heavily wounded.
The goblin hits you with a +0 dagger.
* * * LOW HITPOINT WARNING * * *
The goblin hits you with a +0 dagger.
* * * LOW HITPOINT WARNING * * *
The hobgoblin barely misses you. The goblin closely misses you.
The goblin barely misses you. The goblin hits you with a +0 dagger.
* * * LOW HITPOINT WARNING * * *
The goblin barely misses you. The goblin misses you. The hobgoblin misses you.
The goblin hits you with a +1 dagger of holy wrath.
* * * LOW HITPOINT WARNING * * *
You convulse.
* * * LOW HITPOINT WARNING * * *
You aren't carrying any potions.
Okay, then.
You closely miss the goblin.
The goblin is heavily wounded.
The goblin closely misses you.
The goblin hits you but does no damage. x2
The hobgoblin misses you. The goblin hits you but does no damage.
You closely miss the goblin.
The goblin is heavily wounded.
The goblin closely misses you. The goblin barely misses you.
The hobgoblin completely misses you. The goblin hits you but does no damage.
The goblin hits you with a +1 dagger of holy wrath.
You die...

.........
#.....#
#######..
##....# .
#..
#....####.#
#
#.........#
#
##.#####..#
# #..# # # #
# ###..# #
#.ß.#.#)ß..#
#
#.....g@g..#
#
#!....ggg..#
######
#..........#
......
#(.........#
..###
#........).#
..#
#.ß.#.#.ß..#
..#
############
### .#


You could see a hobgoblin and 4 goblins.

Vanquished Creatures
  Jessica (D:2)
  An adder zombie (D:3)
  2 dart slugs
  A ribbon worm (D:2)
  6 bats
  2 endoplasms (D:1)
  7 goblins
  4 hobgoblins
  11 jackals
  4 kobolds
  2 quokkas (D:1)
  3 ball pythons (D:1)
  A rat (D:3)
45 creatures vanquished.

Notes
Turn   | Place    | Note
-------+----------+-------------------------------------------
     0 | D:1      | Meejax the Demonspawn Gladiator began the quest for the
                  | Orb.
     0 | D:1      | Reached XP level 1. HP: 16/16 MP: 1/1
   176 | D:1      | Gained mutation: You sometimes gain a little power by
                  | taking damage. [demonic ancestry]
   176 | D:1      | Reached XP level 2. HP: 9/22 MP: 2/2
   629 | D:1      | Reached XP level 3. HP: 27/27 MP: 3/3
  1186 | D:2      | Identified a scroll of acquirement
  1186 | D:2      | Acquired a manual of Dodging
  1450 | D:2      | Noticed Jessica
  1457 | D:2      | Killed Jessica
  1458 | D:2      | Reached skill level 1 in Armour
  1458 | D:2      | Gained mutation: You sometimes gain power by taking damage.
                  | [demonic ancestry]
  1458 | D:2      | Reached XP level 4. HP: 34/34 MP: 4/4
  1742 | D:3      | Slain by a goblin

Illustrated notes

Levels and vault maps discovered:
D:1:      minmay_arrival_diagonal_passages, layout_loops_corners
D:2:      layout_rooms, st_stairs_3, uniq_jessica
D:3:      kennysheep_the_goblin_king, layout_basic, serial_undead,
          serial_undead_e, serial_undead_b, serial_undead_b, serial_undead_e,
          minmay_misc_feat_hallway, minivault_27, minmay_misc_feat_alley

Skill      XL: |  1  2  3 |
---------------+----------+-----
Dodging        | 3 |  3.6
Maces & Flails | 3 |  3.5
Armour         | 1 |  1.1
Fighting       | |  2.4
Throwing       | |  1.7
Stealth        | |  0.4

Action                     |  1- 3 |  4- 6 || total
---------------------------+-------+-------++-------
  Melee: Flail             |   114 |    24 ||   138
    Use: Scroll            |     2 |       ||     2
   Stab: Sleeping          |     3 |     1 ||     4
 Armour: Leather armour    |    95 |    41 ||   136
  Dodge: Dodged            |    84 |    41 ||   125

Table legend: (Time is in decaauts)
 A = Elapsed time spent in this place.
 B = Non-inter-level travel time spent in this place.
 C = Inter-level travel time spent in this place.
 D = Time resting spent in this place.
 E = Time spent auto-exploring this place.
 F = Levels seen in this place.
 G = Mean time per level.
                   A        B        C        D        E       F      G
               +--------+--------+--------+--------+--------+-----+--------+
         Total |   1775 |   1685 |     90 |     88 |   1267 |   3 |  591.7 |
       Dungeon |   1775 |   1685 |     90 |     88 |   1267 |   3 |  591.7 |
               +--------+--------+--------+--------+--------+-----+--------+

Top non-repeatable levels by time:
     D:1: 1089 daAuts
     D:2: 490 daAuts
     D:3: 194 daAuts
